 Dungeon Crawl Stone Soup version 0.21.1-1-g345015f (webtiles) character file.

457 Kairos the Gusty (level 7, -1/56 HPs)
             Began as a Hill Orc Air Elementalist on Mar 27, 2018.
             Killed from afar by an orc wizard (8 damage)
             ... with a puff of flame
             ... on level 5 of the Dungeon.
             The game lasted 00:12:31 (4872 turns).

Kairos the Gusty (Hill Orc Air Elementalist)        Turns: 4872, Time: 00:12:32

Health: -1/56      AC:  7    Str: 13    XL:     7   Next: 6%
Magic:  7/10       EV: 11    Int: 15    God:
Gold:   131        SH:  0    Dex: 11    Spells: 10/11 levels left

rFire    . . .     SeeInvis .   s - +0 morningstar
rCold    . . .     Gourm    .   (no shield)
rNeg     . . .     Faith    .   k - +0 ring mail
rPois    .         Spirit   .   h - +0 hat
rElec    .         Reflect  .   (no cloak)
rCorr    .         Harm     .   d - +1 pair of gloves
MR       .....                  (no boots)
Stlth    +.........             (no amulet)
HPRegen  0.18/turn              (no ring)
MPRegen  0.12/turn              (no ring)

@: very slightly contaminated
A: no striking features
a: no special abilities


You were on level 5 of the Dungeon.
You were hungry.

You visited 1 branch of the dungeon, and saw 5 of its levels.

You collected 131 gold pieces.

Inventory:

Hand Weapons
 e - a +0 club
 g - a +0 whip
 i - a +0 mace
 s - a +0 morningstar (weapon)
 u - a +0 hand axe
Armour
 a - a +0 robe
 d - a +1 pair of gloves (worn)
 h - a +0 hat (worn)
 k - a +0 ring mail (worn)
Wands
 x - a wand of digging (8)
Scrolls
 j - 2 scrolls of immolation {unknown}
 q - 5 scrolls of identify {unknown}
 r - 2 scrolls of teleportation {unknown}
 t - 2 scrolls of remove curse {unknown}
Potions
 f - a potion of heal wounds {unknown}
 l - a potion of degeneration {unknown}
 m - a potion of invisibility {unknown}
 n - a potion of agility {unknown}
 o - a potion of resistance {unknown}
 p - a potion of mutation {unknown}
 v - a potion of curing {unknown}
Books
 b - a book of Air

   Spells                             Type                      Level
   a - Shock                          Conjuration/Air              1
   b - Swiftness                      Charms/Air                   2
   c - Static Discharge               Conjuration/Air              3
   d - Airstrike                      Air                          4
   e - Lightning Bolt                 Conjuration/Air              5
Comestibles
 c - 10 rations
 w - a chunk of flesh


   Skills:
 + Level 2.5 Fighting
 + Level 2.6 Maces & Flails
 + Level 2.2 Armour
 + Level 2.4 Dodging
 + Level 1.8 Stealth
 + Level 2.6 Spellcasting
 + Level 2.0 Conjurations
 + Level 3.8 Air Magic


You had 10 spell levels left.
You knew the following spells:

 Your Spells              Type           Power        Failure   Level  Hunger
a - Shock                 Conj/Air       ##..         13%         1    #......


Dungeon Overview and Level Annotations

Branches:
Dungeon (5/15)
 Temple: D:4-7

Altars:
Elyvilon

Annotations:
D:3 CollectiveS's ghost, amateur DrSu


Message History

Something hits you but does no damage.
You hear some strange, mumbled words.
A puff of flame appears from out of thin air!
The puff of flame hits you!
You feel less confused.
You hear some strange, mumbled words.
A magic dart appears from out of thin air!
The magic dart hits you!
You closely miss something. Something completely misses you.
You hear some strange, mumbled words.
A magic dart appears from out of thin air!
The magic dart hits you!
* * * LOW HITPOINT WARNING * * *
A magic dart appears from out of thin air!
The magic dart hits you!
* * * LOW HITPOINT WARNING * * *
You see here a hand axe.
A puff of flame appears from out of thin air!
The puff of flame hits you!
You die...

.........# ########.#
#o# #.###+#+# #.......#
#.......# #........
##############.###.#.#
#......@..†....###.# #
#......#.#.........####
#.....)#[#............?
#......#.#....<..#...
####.#.#.#..###### ##
#.#.#)#..# ..#.#)#..#
#######.#.#..#
#............#


There were no monsters in sight!

Vanquished Creatures
  A phantom (D:3)
  A bullfrog (D:4)
  3 orc wizards (D:4)
  2 worker ants (D:4)
  9 adders
  An ooze (D:3)
  3 leopard geckos
  8 orcs
  6 giant cockroaches
  6 goblins
  7 hobgoblins
  12 jackals
  A ball python (D:1)
  6 bats
  6 frilled lizards
  5 kobolds
  7 rats
84 creatures vanquished.

Notes
Turn   | Place    | Note
-------+----------+-------------------------------------------
     0 | D:1      | Kairos the Hill Orc Air Elementalist began the quest for the Orb.
     0 | D:1      | Reached XP level 1. HP: 14/14 MP: 3/3
   121 | D:1      | Reached XP level 2. HP: 12/20 MP: 2/4
   445 | D:1      | Reached skill level 3 in Air Magic
   743 | D:1      | Reached XP level 3. HP: 23/27 MP: 2/5
  1641 | D:2      | Found a white marble altar of Elyvilon.
  1903 | D:3      | Reached skill level 1 in Maces & Flails
  1903 | D:3      | Reached XP level 4. HP: 17/34 MP: 3/6
  1928 | D:3      | Reached skill level 1 in Fighting
  1953 | D:3      | Noticed CollectiveS's ghost (amateur DrSu)
  2515 | D:3      | Noticed an ice beast
  2725 | D:3      | Noticed a phantom
  2754 | D:3      | Killed a phantom
  2754 | D:3      | Reached skill level 1 in Armour
  2754 | D:3      | Reached XP level 5. HP: 30/40 MP: 2/8
  3047 | D:3      | Noticed an ice beast
  3865 | D:4      | Reached XP level 6. HP: 39/48 MP: 4/9
  4712 | D:4      | Reached XP level 7. HP: 56/56 MP: 5/10
  4765 | D:5      | Entered Level 5 of the Dungeon
  4872 | D:5      | Killed from afar by an orc wizard

Skill      XL: |  1  2  3  4  5  6 |
---------------+-------------------+-----
Air Magic      | 3 |  3.8
Maces & Flails | 1 2 |  2.6
Fighting       | 1 2 |  2.5
Dodging        | 2 |  2.4
Armour         | 1 2 |  2.2
Spellcasting   | 2 |  2.6
Conjurations   | 2 |  2.0
Stealth        | |  1.8

Action                   |  1- 3 |  4- 6 |  7- 9 || total
-------------------------+-------+-------+-------++-------
Melee: Club              |    12 |       |       ||    12
       Mace              |     9 |       |       ||     9
       Whip              |    90 |     4 |       ||    94
       Morningstar       |       |    79 |    28 ||   107
 Cast: Shock             |    51 |    99 |     6 ||   156
  Eat: Chunk             |     4 |     8 |       ||    12
       Ration            |       |     1 |       ||     1
Armor: Robe              |     7 |       |       ||     7
       Ring mail         |    65 |   115 |    14 ||   194
Dodge: Dodged            |    99 |   143 |    11 ||   253
